 Dungeon Sprint DCSS version 0.19-a0-1732-g0b18a7b (webtiles) character file.

1709 Knorr the Unseen (level 8, -1/39 HPs)
             Began as a Felid Monk on Sept 30, 2016.
             Was a Believer of Uskayaw.
             Slain by a vampire mosquito (6 damage)
             ... in the Dungeon (Sprint IX: "|||||||||||||||||||||||||||||").
             The game lasted 00:02:13 (1273 turns).

Knorr the Unseen (Felid Monk)                       Turns: 1273, Time: 00:02:14

Health: -1/39      AC:  4    Str:  7    XL:     8   Next: 74%
Magic:  14/14      EV: 28    Int: 15    God:    Uskayaw [**....]
Gold:   0          SH:  0    Dex: 21    Spells: 0 memorised, 7 levels left
                                        Lives:  0   Deaths: 2

rFire  . . .     SeeInvis +       - Unarmed
rCold  . . .     Gourm    .     (armour unavailable)
rNeg   . . .     Faith    .     (shield unavailable)
rPois  .         Spirit   .     (helmet unavailable)
rElec  .         Dismiss  .     (cloak unavailable)
rCorr  .         Reflect  .     (gloves unavailable)
MR     +....     Harm     .     (boots unavailable)
Stlth  +++++++++. NoTele   +    (no amulet)
                                k - +3 ring of intelligence
                                l - +2 ring of protection

@: quick
A: no armour, no weapons or thrown items, claws 1, fangs 3, see invisible,
carnivore 3, speed 1, shaggy fur 2, slow metabolism 1, sharp paws
a: Stomp, Line Pass, Renounce Religion


You were in the Dungeon.
You worshipped Uskayaw.
Uskayaw was noncommittal.
You were not hungry.

You visited 1 branch

Inventory:

Jewellery
 k - a +3 ring of intelligence (right paw)
 l - a +2 ring of protection (left paw)
Wands
 j - a wand of iceblast (2/15)
Scrolls
 g - 4 scrolls of blinking
 h - 4 scrolls of remove curse
 i - 2 scrolls of amnesia
 q - a scroll of fear
 r - a scroll of fog
Potions
 b - 6 potions of curing
 c - 2 potions of heal wounds
 d - a potion of haste
 e - 4 potions of magic
 f - a potion of invisibility
 n - 2 potions of brilliance
 o - a potion of agility
 p - a potion of cure mutation
Comestibles
 a - a meat ration


   Skills:
 + Level 6.8 Fighting
 + Level 10.8 Dodging
 * Level 18.1 Stealth
 * Level 14.7 Unarmed Combat
 * Level 7.3 Invocations


You had 7 spell levels left.
You didn't know any spells.

Dungeon Overview and Level Annotations

Branches:
Dungeon (1/1)

Altars:
Cheibriados
Dithmenos
Elyvilon
Fedhas
Gozag
Hepliaklqana
Kikubaaqudgha
Makhleb
Nemelex Xobeh
Okawaru
Qazlal
Ru
Sif Muna
Trog
Uskayaw
Vehumet
Xom
Yredelemnul
Zin
The Shining One
Beogh
Jiyva
Lugonu


Innate Abilities, Weirdness & Mutations

You cannot wear armour.
You are incapable of wielding weapons or throwing items.
You have sharp claws.
You have razor-sharp teeth.
You have supernaturally acute eyesight. (SInv)
You are carnivorous and can eat meat at any time.
You cover ground quickly.
You are covered in thick fur. (AC +2)
You have a slow metabolism.
Your sharp claws are effective at attacking unaware monsters.


Message History

You scratch the vampire mosquito.
The vampire mosquito is lightly damaged.
The vampire mosquito bites you!
The vampire mosquito draws strength from your injuries!
You scratch the vampire mosquito but do no damage.
The vampire mosquito bites you!
* * * LOW HITPOINT WARNING * * *
The vampire mosquito draws strength from your injuries!
You closely miss the vampire mosquito.
The vampire mosquito completely misses you.
You scratch the vampire mosquito but do no damage.
The vampire mosquito completely misses you.
The vampire mosquito misses you.
You scratch the vampire mosquito but do no damage.
The vampire mosquito barely misses you.
You claw the vampire mosquito! You claw the vampire mosquito.
The vampire mosquito is heavily damaged.
The vampire mosquito completely misses you.
The vampire mosquito bites you.
You die...

▓▓▓▓▓▓▓▓▓▓▓▓▓▓▓▓▓▓▓▓▓▓▓▓▓▓▓▓▓▓▓▓▓
...'_______________________.'..|)
▓▓▓▓▓▓▓▓▓▓▓▓▓▓▓▓▓▓▓▓▓▓▓▓▓▓▓▓▓▓▓▓▓
.................................
▓▓▓▓▓▓▓▓▓▓▓▓▓▓▓▓▓▓▓▓▓▓▓▓▓▓▓▓▓▓▓▓▓
!|(.....'÷..÷...@y†.†......††F†y§
▓▓▓▓▓▓▓▓▓▓▓▓▓▓▓▓▓▓▓▓▓▓▓▓▓▓▓▓▓▓▓▓▓


You could see a vampire mosquito.

Vanquished Creatures
  A black mamba (D)
  4 spiny frogs (D)
  A troll (D)
  A tyrant leech (D)
  A blink frog (D)
  A hippogriff (D)
  A wyvern (D)
  3 vampire mosquitoes (D)
  2 water moccasins (D)
  3 porcupines (D)
  A sky beast (D)
  An ogre (D)
  3 crocodiles (D)
  2 bullfrogs (D)
  A scorpion (D)
  A killer bee (D)
  A crimson imp (D)
  3 hounds (D)
  2 iguanas (D)
  3 worker ants (D)
  A river rat (D)
  2 orcs (D)
  A bat skeleton (D)
  A bat zombie (D)
  A giant cockroach (D)
  A goblin (D)
  2 hobgoblins (D)
  A ball python zombie (D)
  A rat (D)
47 creatures vanquished.

Notes
Turn   | Place    | Note
-------+----------+-------------------------------------------
     0 | D        | Knorr the Felid Monk began the quest for the Orb.
     0 | D        | Reached XP level 1. HP: 10/10 MP: 2/2
   294 | D        | Noticed a hound
   294 | D        | Noticed a hound
   294 | D        | Noticed a scorpion
   296 | D        | Killed a hound
   296 | D        | Reached skill level 5 in Dodging
   296 | D        | Reached skill level 4 in Stealth
   296 | D        | Reached skill level 5 in Unarmed Combat
   296 | D        | Reached XP level 2. HP: 15/15 MP: 3/3
   296 | D        | Reached XP level 3. HP: 18/18 MP: 4/4
   304 | D        | Reached skill level 5 in Stealth
   306 | D        | Reached XP level 4. HP: 10/22 MP: 5/5
   315 | D        | Reached skill level 5 in Fighting
   315 | D        | Reached skill level 6 in Stealth
   320 | D        | Found a roughly hewn altar of Beogh.
   320 | D        | Found a snail-covered altar of Cheibriados.
   320 | D        | Found a shadowy altar of Dithmenos.
   320 | D        | Found a white marble altar of Elyvilon.
   320 | D        | Found a blossoming altar of Fedhas.
   320 | D        | Found an opulent altar of Gozag.
   321 | D        | Found a hazy altar of Hepliaklqana.
   322 | D        | Found a viscous altar of Jiyva.
   323 | D        | Found an ancient bone altar of Kikubaaqudgha.
   324 | D        | Found a corrupted altar of Lugonu.
   325 | D        | Found a burning altar of Makhleb.
   326 | D        | Found a sparkling altar of Nemelex Xobeh.
   327 | D        | Found an iron altar of Okawaru.
   328 | D        | Found a stormy altar of Qazlal.
   329 | D        | Found a sacrificial altar of Ru.
   330 | D        | Found a deep blue altar of Sif Muna.
   331 | D        | Found a bloodstained altar of Trog.
   332 | D        | Found a hide-covered altar of Uskayaw.
   333 | D        | Found a radiant altar of Vehumet.
   334 | D        | Found a shimmering altar of Xom.
   335 | D        | Found a basalt altar of Yredelemnul.
   336 | D        | Found a glowing silver altar of Zin.
   337 | D        | Found a glowing golden altar of the Shining One.
   340 | D        | Became a worshipper of Uskayaw the Reveler
   340 | D        | Reached * piety under Uskayaw
   475 | D        | Noticed a sky beast
   475 | D        | Noticed a troll
   477 | D        | Reached skill level 1 in Invocations
   477 | D        | Reached XP level 5. HP: 26/26 MP: 6/6
   479 | D        | Killed a sky beast
   479 | D        | Reached skill level 7 in Stealth
   479 | D        | Reached ** piety under Uskayaw
   485 | D        | Reached *** piety under Uskayaw
   486 | D        | Reached skill level 8 in Stealth
   486 | D        | Gained mutation: You are covered in thick fur. (AC +2) [Felid growth]
   486 | D        | Reached XP level 6. HP: 31/31 MP: 6/9
   488 | D        | Reached **** piety under Uskayaw
   490 | D        | Reached ***** piety under Uskayaw
   523 | D        | Killed a troll
   523 | D        | Reached skill level 10 in Stealth
   523 | D        | Reached skill level 10 in Unarmed Combat
   523 | D        | Reached XP level 7. HP: 20/35 MP: 10/10
   675 | D        | Reached skill level 11 in Stealth
   811 | D        | Noticed a hippogriff
   813 | D        | Noticed a wyvern
   815 | D        | Noticed a spiny frog
   818 | D        | Reached skill level 12 in Stealth
   820 | D        | Reached XP level 8. HP: 27/39 MP: 12/12
   823 | D        | Reached skill level 5 in Invocations
   829 | D        | Killed a hippogriff
   829 | D        | Reached skill level 13 in Stealth
   834 | D        | Killed a spiny frog
   834 | D        | Reached skill level 14 in Stealth
   834 | D        | Reached ****** piety under Uskayaw
   957 | D        | Noticed a black mamba
   963 | D        | Reached skill level 15 in Stealth
   967 | D        | Noticed a spiny frog
   978 | D        | Slain by a spiny frog
   979 | D        | Reached XP level 7. HP: -3/35 MP: 10/12
  1076 | D        | Reached XP level 8. HP: 39/39 MP: 13/13
  1102 | D        | Killed a black mamba
  1102 | D        | Reached skill level 10 in Dodging
  1102 | D        | Reached skill level 16 in Stealth
  1108 | D        | Killed a spiny frog
  1117 | D        | Noticed a tyrant leech
  1117 | D        | Noticed a spiny frog
  1117 | D        | Noticed a spiny frog
  1125 | D        | Reached skill level 17 in Stealth
  1125 | D        | Reached XP level 9. HP: 35/42 MP: 15/15
  1131 | D        | Killed a spiny frog
  1131 | D        | Killed a tyrant leech
  1138 | D        | Killed a spiny frog
  1143 | D        | Slain by a vampire mosquito
  1144 | D        | Reached XP level 8. HP: 0/39 MP: 14/14
  1263 | D        | Killed a blink frog
  1263 | D        | Reached skill level 18 in Stealth
  1273 | D        | Slain by a vampire mosquito

Vault maps used:
D:        linesprint

Skill      XL: |  1  2  3  4  5  6  7  8  9 |
---------------+----------------------------+-----
Unarmed Combat | 5 6 7 8 10 11 13 14 | 14.7
Fighting       | 4 5 6 |  6.8
Dodging        | 5 6 7 8 9 10 | 10.8
Stealth        | 4 5 6 8 10 12 18 | 18.1
Invocations    | 1 2 3 4 6 7 |  7.3

Action                   |  1- 3 |  4- 6 |  7- 9 || total
-------------------------+-------+-------+-------++-------
Melee: Unarmed           |    28 |    24 |    96 ||   148
       Bite              |     2 |     2 |     9 ||    13
       Punch             |       |       |     8 ||     8
Invok: Line Pass         |       |       |     1 ||     1
Evoke: Wand              |       |     4 |     1 ||     5
  Use: Potion            |       |     1 |     2 ||     3
 Stab: Sleeping          |     2 |     2 |     7 ||    11
       Paralysed         |       |     1 |     4 ||     5
       Distracted        |       |       |     2 ||     2
  Eat: Chunk             |       |       |     8 ||     8
Armor: Skin              |     2 |     3 |     1 ||     6
Dodge: Dodged            |    19 |    24 |    70 ||   113
